 Dungeon Crawl Stone Soup version 0.15.2 (webtiles) character file.

952 MistressOfTheSands the Insei (level 7, -1/56 HPs)
             Began as a Mummy Monk on Nov 9, 2015.
             Slain by a hippogriff (7 damage)
             ... on Level 3 of the Dungeon.
             The game lasted 00:11:35 (8318 turns).

MistressOfTheSands the Insei (Mummy Monk)           Turns: 8318, Time: 00:11:35

HP  -1/56        AC  6     Str 14      XL: 7   Next: 90%
MP   7/7         EV 12     Int  9      God:
Gold 202         SH  0     Dex 16      Spells:  0 memorised,  6 levels left

rFire  x . .     SeeInvis .       - Unarmed
rCold  + + .     Clarity  .     k - +1 leather armour {rC+}
rNeg   + + +     rCorr    .     (no shield)
rPois  +         rRot     +     (no helmet)
rElec  .         Spirit   .     (no cloak)
SustAb .         Warding  .     o - +1 pair of gloves
rMut   .         Stasis   .     (no boots)
Gourm  .                        e - amulet of rage
MR     .....                    f - ring of stealth
                                (no ring)

@: not resistant to hostile enchantments, fairly stealthy
A: no food or potions, fire vulnerability, restore body, cold resistance 1,
negative energy resistance 3, poison resistance, torment resistance, unbreathing
a: no special abilities


You were on level 3 of the Dungeon.
You were not hungry.

You visited 1 branch of the dungeon, and saw 6 of its levels.

You collected 202 gold pieces.


Innate Abilities, Weirdness & Mutations

You do not eat or drink.
Your flesh is vulnerable to fire.
Your flesh is cold resistant.
You are immune to negative energy.
Your system is resistant to poisons.
You are immune to unholy pain and torment.
You can survive without breathing.


   Skills:
 - Level 5.4 Fighting
 - Level 2.4 Dodging
 - Level 1.5 Stealth
 + Level 7.4 Unarmed Combat


You had 6 spell levels left.
You didn't know any spells.

Inventory:

Missiles
 c - 50 poisoned needles (quivered)
Armour
 a - a +0 robe
 b - a +0 buckler
 k - a +1 leather armour of cold resistance (worn)
 o - a +1 pair of gloves (worn)
Scrolls
 d - a scroll of noise {!r}
 g - 2 scrolls of fog
 h - a scroll of enchant armour
 i - 5 scrolls of magic mapping {unknown}
 j - 2 scrolls of fear
 l - a scroll of teleportation {@r4}
 m - a scroll of immolation {unknown}
 n - 2 scrolls of amnesia {unknown}
Jewellery
 e - an amulet of rage (around neck)
 f - a ring of stealth (right hand)

Dungeon Overview and Level Annotations

Branches:
Dungeon (6/15)             Temple (0/1) D:5

Altars:
Dithmenos
Makhleb
Qazlal
Sif Muna
The Shining One

#.# #.# #.# #.#
#.# #.# ##.# #.#
#######..####.#
#.............# #
#.#####.##########
#.# #.# #..... #M#
#.# ##.#### #H#
#.# ##...### #.#
#.###.#.#.## #.#
#.##.##.##.# #.#
#........... #.#
####.##.##.. #.#
##.#..... #.#
######...##.
#.#####...########


You could see a hippogriff.


Message History

You are too injured to fight recklessly!
You are too injured to fight recklessly!
You are too injured to fight recklessly!
You are too injured to fight recklessly!
You are too injured to fight recklessly!
You are too injured to fight recklessly!
You are too injured to fight recklessly!
You are too injured to fight recklessly!
You are too injured to fight recklessly!
You are too injured to fight recklessly!
You are too injured to fight recklessly!
You are too injured to fight recklessly!
You are too injured to fight recklessly!
You are too injured to fight recklessly!
You are too injured to fight recklessly!
You are too injured to fight recklessly!
You are too injured to fight recklessly!
You are too injured to fight recklessly!
You hit the hippogriff.
The hippogriff is heavily wounded.
The hippogriff bites you.
* * * LOW HITPOINT WARNING * * *
The hippogriff pecks you but does no damage.
The hippogriff claws you but does no damage.
You hit the hippogriff.
The hippogriff is severely wounded.
The hippogriff barely misses you. The hippogriff pecks you.
* * * LOW HITPOINT WARNING * * *
The hippogriff claws you!
You die...

Action                   |  1- 3 |  4- 6 |  7- 9 || total
-------------------------+-------+-------+-------++-------
Melee: Unarmed           |   133 |   342 |   194 ||   669
  Use: Scroll            |       |     7 |       ||     7
 Stab: Sleeping          |     3 |     8 |     1 ||    12
       Distracted        |       |     1 |     1 ||     2

Vault maps used:
D:1:      lemuel_arrival_lava_pool
D:2:      first_bread, wad_orctagon
D:3:      led_sif_pool, uniq_terence, uniq_natasha
D:4:      lemuel_crystal_altar, nicolae_overflow_hidden_temple,
          grunt_dithmenos_smoke
D:5:      kennysheep_mini, minmay_temple_entry_butterflies
D:6:      grunt_temple_overflow_diamond, old_standard_altar, lemuel_angel_altar,
          uniq_grinder, uniq_menkaure

Notes
Turn   | Place    | Note
--------------------------------------------------------------
     0 | D:1      | MistressOfTheSands, the Mummy Monk, began the quest for the Orb.
     0 | D:1      | Reached XP level 1. HP: 18/18 MP: 1/1
   264 | D:1      | Reached XP level 2. HP: 24/24 MP: 2/2
   576 | D:1      | Reached skill level 4 in Unarmed Combat
   781 | D:1      | Reached XP level 3. HP: 9/29 MP: 3/3
  1473 | D:2      | Reached XP level 4. HP: 6/35 MP: 4/4
  2022 | D:2      | HP: 3/35 [adder (4)]
  2024 | D:2      | Reached skill level 5 in Unarmed Combat
  2596 | D:3      | Noticed Terence
  2614 | D:3      | Killed Terence
  2856 | D:3      | Reached XP level 5. HP: 38/41 MP: 5/5
  2873 | D:3      | Found a deep blue altar of Sif Muna.
  3078 | D:3      | Noticed Natasha
  3091 | D:3      | Killed Natasha
  3471 | D:3      | Noticed Natasha
  3480 | D:3      | Killed Natasha
  3810 | D:3      | Noticed Natasha
  3816 | D:3      | Killed Natasha
  4249 | D:4      | Got a crude iron ring
  4250 | D:4      | Identified the ring of the Middle {Str+2 Int-3 Stlth-} (You found it on level 4 of the Dungeon)
  4310 | D:4      | Reached skill level 6 in Unarmed Combat
  4440 | D:4      | Found a shadowy altar of Dithmenos.
  4468 | D:4      | Reached XP level 6. HP: 45/47 MP: 6/6
  4974 | D:4      | Found a glowing golden altar of the Shining One.
  5079 | D:4      | Found a stormy altar of Qazlal.
  5140 | D:4      | Reached skill level 4 in Fighting
  5591 | D:4      | Noticed an ice beast
  5602 | D:4      | Killed an ice beast
  5602 | D:4      | Reached skill level 5 in Fighting
  5602 | D:4      | Reached XP level 7. HP: 35/56 MP: 7/7
  5973 | D:5      | Entered Level 5 of the Dungeon
  6198 | D:5      | Found a staircase to the Ecumenical Temple.
  6241 | D:5      | Found a burning altar of Makhleb.
  7484 | D:5      | Reached skill level 7 in Unarmed Combat
  8318 | D:3      | Slain by a hippogriff

Vanquished Creatures
  An ice beast (D:4)
  An ogre (D:6)
  A gnoll sergeant (D:5)
  2 scorpions (D:4)
  A crimson imp (D:5)
  2 hounds
  A centaur skeleton (D:4)
  A giant frog skeleton (D:5)
  2 worker ants (D:5)
  Natasha (thrice) (D:3)
  2 orc wizards (D:4)
  Terence (D:3)
  12 adders
  7 gnolls
  A giant mite (D:4)
  4 worms
  An adder skeleton (D:4)
  4 giant geckos
  An ooze (D:4)
  13 orcs
  10 bats
  4 giant cockroaches
  18 goblins
  13 hobgoblins
  4 jackals
  6 kobolds
  2 quokkas
  A ball python (D:2)
  A giant gecko skeleton (D:5)
  A giant gecko zombie (D:5)
  7 giant newts
  An orc skeleton (D:5)
  13 rats
  A butterfly (D:5)
143 creatures vanquished.
